 Dungeon Crawl Stone Soup version 0.25.0-11-g1f837a76a1 (webtiles) character file.

Game seed: 122178945834491233

35 Esekla the Grave Robber (level 3, 0/23 HPs)
             Began as an Octopode Necromancer on June 27, 2020.
             Slain by an adder (5 damage)
             ... on level 2 of the Dungeon.
             The game lasted 00:07:00 (1522 turns).

Esekla the Grave Robber (Octopode Necromancer)      Turns: 1522, Time: 00:07:00

Health: 0/23       AC:  1    Str:  8    XL:     3   Next: 35%
Magic:  3/6        EV: 13    Int: 17    God:
Gold:   26         SH:  0    Dex: 12    Spells: 2/6 levels left

rFire    . . .     SeeInvis .   a - +0 dagger
rCold    . . .     Gourm    .   (no shield)
rNeg     . . .     Faith    .   (helmet restricted)
rPois    .         Spirit   .   (no amulet)
rElec    .         Reflect  .   (no ring)
rCorr    .         Harm     .   (no ring)
MR       .....                  (no ring)
Stlth    +++.......             (no ring)
HPRegen  0.07/turn              (no ring)
MPRegen  0.10/turn              (no ring)
                                (no ring)
                                (no ring)

@: lethally poisoned (0 -> -6)
A: almost no armour, stealthy swim, amphibious, 8 rings, constrict 8, camouflage
1, gelatinous body 1
a: no special abilities


You were on level 2 of the Dungeon.
You were very hungry.

You visited 1 branch of the dungeon, and saw 2 of its levels.

You collected 26 gold pieces.

Inventory:

Hand Weapons
 a - a +0 dagger (weapon)
 c - a +1 hand axe of venom
 e - a +1 spear of flaming
Scrolls
 d - 3 scrolls of identify {unknown}
 h - a scroll of teleportation {unknown}
Potions
 f - a potion of cancellation {unknown}
 g - a potion of curing {unknown}
 i - 2 potions of mutation {unknown}
Comestibles
 b - 5 rations


   Skills:
 * Level 1.6 Fighting
 + Level 0.2 Short Blades
 * Level 2.4 Dodging
 - Level 2.6 Stealth
 * Level 2.4 Spellcasting
 + Level 4.0 Necromancy


You had 2 spell levels left.
You knew the following spells:

 Your Spells              Type           Power        Failure   Level  Hunger
a - Pain                  Necr           ###.         3%          1    #......
d - Vampiric Draining     Necr           ###.......   11%         3    ###....

Your spell library contained the following spells:

 Spells                   Type           Power        Failure   Level  Hunger
 Animate Skeleton         Necr           N/A          3%          1    #......
 Animate Dead             Necr           N/A          34%         4    #####..
 Agony                    Necr           ###.....     67%         5    ######.


Dungeon Overview and Level Annotations

Branches:
Dungeon (2/15)

Altars:


Innate Abilities, Weirdness & Mutations

You cannot wear most types of armour.
You are very stealthy in the water. (Stealth+)
You are amphibious.
You can wear up to eight rings at the same time.
You can use your tentacles to constrict eight enemies at once.
Your skin changes colour to match your surroundings (Stealth+).
Your rubbery body absorbs attacks. (AC +1, EV +1)


Message History

The adder poisons you!
You barely miss the adder. Your grab misses the adder.
You feel sick. The adder bites you.
You hit the adder. Your grab misses the adder.
The adder is lightly wounded.
You are feeling very hungry.
You feel sick. The adder barely misses you.
You hit the adder. Your grab misses the adder.
The adder is lightly wounded.
The adder bites you.
* * * LOW HITPOINT WARNING * * *
Casting: Vampiric Draining (quite dangerous; 11% risk of failure)
Confirm with . or Enter, or press ? or * to list all spells.
The spell is quite dangerous to cast (11% risk of failure)!
Continue anyway?
Aiming: Vampiric Draining (quite dangerous; 11% risk of failure)
Press: ? - help, Shift-Dir - straight line, f - adder
Aim: an adder (lightly wounded)
The adder is severely wounded.
You feel life coursing into your body. The adder bites you.
You die...

.##.####...#####... ....
#..[# #..##.#. . #...#
#...S.. (. #...# #.....#
.# ##<..#####.<...#..#.
######)......##..†.$.....
#......#.###.##...?....#
##.####.#.###.####S.##..#
.....##.#.......@SK.......
#..#.##.#.....####.####..>
#.g#.##.......# #!# #
#..........#.## #<#
###..####....# #.# #†.#
#.#### #.# .....# #.# #.#
###.## # .# ..r


You could see 2 adders and a kobold.

Vanquished Creatures
  A worm (D:2)
  3 dart slugs (D:1)
  A leopard gecko (D:2)
  5 goblins
  6 hobgoblins (D:1)
  2 kobolds (D:1)
  A bat (D:1)
  2 frilled lizards
  3 rats (D:1)
24 creatures vanquished.

Notes
Turn   | Place    | Note
-------+----------+-------------------------------------------
     0 | D:1      | Esekla the Octopode Necromancer began the quest for the
                  | Orb.
     0 | D:1      | Reached XP level 1. HP: 11/11 MP: 3/3
   276 | D:1      | Reached XP level 2. HP: 18/18 MP: 5/5
   433 | D:1      | Reached skill level 1 in Fighting
   979 | D:1      | Reached XP level 3. HP: 20/23 MP: 4/6
  1004 | D:1      | Learned a level 3 spell: Vampiric Draining
  1522 | D:2      | Slain by an adder

Illustrated notes

Levels and vault maps discovered:
D:1:      arrival_zaba_pyramid, layout_loops_ring, minmay_tetromino_o4
D:2:      layout_loops_cross, first_ration, uniq_crazy_yiuf_cottage

Skill      XL: |  1  2 |
---------------+-------+-----
Fighting       | 1 |  1.6
Short Blades   | |  0.2
Dodging        | |  2.4
Stealth        | |  2.6
Spellcasting   | |  2.4
Necromancy     | |  4.0

Action                   || total
-------------------------++-------
Melee: Dagger            ||    60
       Constrict         ||    14
       Tentacles         ||     4
 Cast: Pain              ||     6
       Vampiric Draining ||     2
 Stab: Sleeping          ||     7
  Eat: Chunk             ||     1
Armor: Skin              ||     1
Dodge: Dodged            ||    26
